 Dungeon Crawl Stone Soup version 0.30-a0-341-g682706514a (webtiles) character file.

Game seed: 13130894437060945877

247 night the Caller (level 6, -1/36 HPs)
             Began as a Kobold Summoner on Nov 3, 2022.
             Slain by an orc wizard
             ... wielding a +0 dagger
              (2 damage)
             ... on level 4 of the Dungeon.
             The game lasted 00:11:57 (5279 turns).

night the Caller (Kobold Summoner)                  Turns: 5279, Time: 00:11:58

Health: -1/36      AC:  6    Str: 10 (12) XL:     6   Next: 33%
Magic:  2/11       EV: 14    Int: 14 (16) God:
Gold:   140        SH:  0    Dex: 16 (17) Spells: 3/12 levels left

rFire   . . .      SeeInvis .    z - +1 short sword (venom)
rCold   . . .      Faith    .    (no shield)
rNeg    + . .      Spirit   .    H - +0 ring mail
rPois   .          Reflect  .    (no helmet)
rElec   .          Harm     .    (no cloak)
rCorr   .          Rampage  .    (no gloves)
Will    .....                    t - +0 pair of boots
Stlth   +++.......               G - amulet of the acrobat
HPRegen 0.26/turn                h - ring of positive energy
MPRegen 0.12/turn                w - +6 ring of strength

@: attractive
A: small, no large weapons, nightstalker 3
a: no special abilities


You were on level 4 of the Dungeon.
You visited 1 branch of the dungeon, and saw 4 of its levels.

You collected 140 gold pieces.

Inventory:

Hand Weapons
 d - a +0 short sword
 r - a +1 whip of flaming
 z - a +1 short sword of venom (weapon)
 B - a +0 rapier
 C - a +4 dagger
 F - a +0 falchion of holy wrath
Missiles
 c - 29 stones
 p - 6 datura-tipped darts
 E - a boomerang
Armour
 a - a +0 robe
 t - a +0 pair of boots (worn)
 H - a +0 ring mail (worn)
Jewellery
 h - a ring of positive energy (left hand)
 s - a ring of fire
 w - a +6 ring of strength (right hand)
 y - an amulet of regeneration
 G - an amulet of the acrobat (around neck)
Wands
 J - a wand of mindburst (15)
Scrolls
 e - 3 scrolls of teleportation {unknown}
 f - 5 scrolls of identify {unknown}
 j - a scroll of fear {unknown}
 u - a scroll of butterflies {unknown}
 v - 2 scrolls of poison {unknown}
 x - a scroll of noise {unknown}
 K - a scroll of immolation {unknown}
Potions
 b - a potion of magic
 g - a potion of mutation {unknown}
 i - a potion of flight
 k - a potion of curing
 n - 3 potions of might
 o - a potion of invisibility {unknown}
 q - a potion of lignification {unknown}
 A - a potion of cancellation
 D - a potion of berserk rage {unknown}
 I - a potion of brilliance {unknown}


   Skills:
 + Level 2.6 Fighting
 + Level 4.1 Dodging
 - Level 2.6 Stealth
 + Level 3.5 Spellcasting
 + Level 4.9 Summonings
 + Level 1.2 Ice Magic


You had 3 spell levels left.
You knew the following spells:

 Your Spells              Type           Power      Damage    Failure   Level
a - Summon Small Mammal   Summ           64%        N/A       7%          1
b - Call Imp              Summ           16%        N/A       11%         2
c - Call Canine Familiar  Summ           16%        N/A       21%         3
d - Summon Guardian Gole  Hex/Summ       9%         N/A       50%         3

Your spell library contained the following spells:

 Spells                   Type           Power      Damage    Failure   Level
 Frozen Ramparts          Ice            10%        1d2       67%         3
 Ignite Poison            Fire/Tmut/Pois 2%         N/A       85%         3
 Summon Ice Beast         Ice/Summ       11%        N/A       83%         4
 Summon Lightning Spire   Summ/Air       9%         N/A       88%         4
 Ice Form                 Ice/Tmut       4%         N/A       99%         4
 Sticky Flame             Conj/Fire      2%         2d3       99%         4
 Ignition                 Fire           1%         3d3       100%        8


Dungeon Overview and Level Annotations

Branches:
Dungeon (4/15)
 Temple: D:4-7

Altars:
Cheibriados
Dithmenos
Kikubaaqudgha
Trog

Shops:
D:1 *   D:3 (


Innate Abilities, Weirdness & Mutations

You are small and have problems with some larger weapons.
You are completely attuned to the shadows.


Message History

Something hits you.
Your hound closely misses something.
You bump into the stone wall.
Your hound barely misses something.
Something hits you.
* * * LOW HITPOINT WARNING * * *
Something hits you but does no damage.
Your magical contamination has completely faded away.
You barely miss something.
Your hound bites something.
Something hits you but does no damage. Something barely misses you.
Something hits your hound.
Your hound closely misses something.
It was a potion of attraction.
You feel attractive to monsters.
Your hound barely misses something.
Something completely misses you. Something hits you.
* * * LOW HITPOINT WARNING * * *
Something hits you.
* * * LOW HITPOINT WARNING * * *
It was a potion of degeneration.
There was something very wrong with that liquid.
You feel weakened.
You feel dopey.
You feel clumsy.
Your hound bites something but does no damage.
Something hits you but does no damage. Something barely misses you.
You hear some strange, mumbled words.
Something tries to affect you, but you resist.
Your hound barely misses something.
It was a potion of might.
You feel very mighty all of a sudden.
Your hound closely misses something.
Something hits you but does no damage. x2
Something hits you.
* * * LOW HITPOINT WARNING * * *
It was a potion of cancellation.
Your magical effects are unravelling.
You feel magically purged.
You feel less confused.
You feel a little less mighty now.
Your hound misses something.
You hear some strange, mumbled words.
A magic dart appears from out of thin air!
The magic dart hits you.
* * * LOW HITPOINT WARNING * * *
Something hits you.
You die...

..#####.###...............
...... ...#
#.###.....##....... .##.
...# #...#...#.#########
#..# #..###.##..###..#
########.###^....##...+
.......#.##.....##....#
#...#..#........#.....# ##
......_##...#...#{h.⌠)#..#
#...#..#....###.@{.⌠..'._#
.......#....###.#{⌠.⌠.#..#
########.....##.#.....# ##
.....##.....###.##....#
.#...###.....#...##...+
###..##.....##....##
.#.........###.....#
............##.##...
...##.###....#.....#


You could see a friendly hound (summoned).

Vanquished Creatures
  A hound (D:4)
  2 adders
  2 worms (D:4)
  2 dart slugs
  2 orcs (D:4)
  4 bats
  6 endoplasms
  7 goblins
  6 hobgoblins
  7 quokkas
  8 ball pythons
  3 frilled lizards
  5 kobolds
  6 rats
61 creatures vanquished.

Vanquished Creatures (collateral kills)
  An orc wizard (D:4)
  3 adders
  2 worms
  2 dart slugs
  2 endoplasms
  A giant cockroach (D:3)
  4 hobgoblins
  2 jackals (D:2)
  A quokka (D:2)
  2 ball pythons (D:1)
  A bat (D:3)
  A goblin (D:4)
  4 kobolds
  3 rats
29 creatures vanquished.

Vanquished Creatures (others)
  An orc priest (D:4)
  2 orcs (D:4)
3 creatures vanquished.

Grand Total: 93 creatures vanquished

Notes
Turn   | Place    | Note
-------+----------+-------------------------------------------
     0 | D:1      | night the Kobold Summoner began the quest for the Orb.
     0 | D:1      | Reached XP level 1. HP: 10/10 MP: 3/3
   238 | D:1      | Reached XP level 2. HP: 8/16 MP: 1/5
   241 | D:1      | Learned a level 2 spell: Call Imp
   283 | D:1      | Found a faded altar of an unknown god.
   297 | D:1      | Found Byforph's General Store.
   728 | D:1      | Reached skill level 1 in Fighting
   865 | D:1      | Reached XP level 3. HP: 16/20 MP: 3/6
   946 | D:1      | Learned a level 3 spell: Call Canine Familiar
  1625 | D:2      | Reached XP level 4. HP: 17/25 MP: 2/8
  2181 | D:2      | Learned a level 3 spell: Summon Guardian Golem
  2769 | D:3      | Found Kecobby's Weapon Shoppe.
  3054 | D:3      | Found a shadowy altar of Dithmenos.
  3151 | D:3      | Reached skill level 2 in Fighting
  3151 | D:3      | Reached XP level 5. HP: 29/30 MP: 9/9
  4441 | D:4      | Found a snail-covered altar of Cheibriados.
  4471 | D:4      | Noticed a moth of wrath
  4481 | D:4      | Found a bloodstained altar of Trog.
  4868 | D:4      | HP: 3/31 [orc priest/divine providence (10)]
  4879 | D:4      | Reached skill level 1 in Ice Magic
  4879 | D:4      | Reached XP level 6. HP: 13/36 MP: 5/11
  5256 | D:4      | Found an ancient bone altar of Kikubaaqudgha.
  5278 | D:4      | HP: 5/36 [something (3)]
  5279 | D:4      | HP: 1/36 [something/magic dart (4)]
  5279 | D:4      | Slain by an orc wizard

Illustrated notes

Levels and vault maps discovered:
D:1:      dpeg_arrival_pits, layout_basic, serial_shops,
          nicolae_shop_waterfront, basic_ecumenical_altar, minmay_pentomino_p2
D:2:      layout_loops_corners
D:3:      layout_basic, nicolae_dithmenos_the_darkroom, serial_shops, shop
D:4:      layout_cave_pools, palyth_temple_overflow_mages,
          lemuel_coloured_pillars_altar, tgw_trog

Skill      XL: |  1  2  3  4  5 |
---------------+----------------+-----
Fighting       | 1 2 |  2.6
Dodging        | 3 4 |  4.1
Spellcasting   | 3 |  3.5
Ice Magic      | 1 |  1.2
Stealth        | |  2.6
Summonings     | |  4.9

Action                   |  1- 3 |  4- 6 || total
-------------------------+-------+-------++-------
Melee: Unarmed           |    12 |       ||    12
       Short sword       |    61 |   171 ||   232
       Punch             |       |     3 ||     3
 Cast: Summon Small Mamm |    11 |     9 ||    20
       Call Imp          |     8 |    10 ||    18
       Call Canine Famil |     4 |    18 ||    22
       Summon Guardian G |       |     1 ||     1
  Use: Potion            |       |     7 ||     7
 Stab: Sleeping          |    11 |    24 ||    35
       Distracted        |     1 |       ||     1
Armor: Robe              |     5 |    23 ||    28
       Ring mail         |       |    14 ||    14
Dodge: Dodged            |    58 |   137 ||   195

Table legend: (Time is in decaauts)
 A = Elapsed time spent in this place.
 B = Non-inter-level travel time spent in this place.
 C = Inter-level travel time spent in this place.
 D = Time resting spent in this place.
 E = Time spent auto-exploring this place.
 F = Levels seen in this place.
 G = Mean time per level.
                   A        B        C        D        E       F      G
               +--------+--------+--------+--------+--------+-----+--------+
         Total |   5277 |   5131 |    146 |    240 |   4025 |   4 | 1319.2 |
       Dungeon |   5277 |   5131 |    146 |    240 |   4025 |   4 | 1319.2 |
               +--------+--------+--------+--------+--------+-----+--------+

Top non-repeatable levels by time:
     D:3: 1580 daAuts
     D:1: 1286 daAuts
     D:2: 1262 daAuts
     D:4: 1147 daAuts
